 Dungeon Crawl Stone Soup version 0.28.0 (webtiles) character file.

Game seed: 6183293940002756478

2 sasquatch the Insei (level 1, -2/15 HPs)
             Began as a Demigod Transmuter on Feb 8, 2022.
             Slain by a hobgoblin (3 damage)
             ... on level 1 of the Dungeon.
             The game lasted 00:00:37 (72 turns).

sasquatch the Insei (Demigod Transmuter)              Turns: 72, Time: 00:00:37

Health: -2/15      AC:  2    Str: 11    XL:     1   Next: 26%
Magic:  4/5        EV: 12    Int: 15    God:
Gold:   1          SH:  0    Dex: 14    Spells: 2/3 levels left

rFire   . . .      SeeInvis .     - Unarmed
rCold   . . .      Faith    .   (no shield)
rNeg    . . .      Spirit   .   a - +0 robe
rPois   .          Reflect  .   (helmet currently unavailable)
rElec   .          Harm     .   (no cloak)
rCorr   .          Rampage  .   (no gloves)
Will    .....                   (boots currently unavailable)
Stlth   +.........              (no amulet)
HPRegen 0.05/turn               (no ring)
MPRegen 0.09/turn               (no ring)

@: appendages
A: horns 2, talons 2, high MP 1, forlorn, divine attributes
a: End Transformation


You were on level 1 of the Dungeon.
You had temporarily grown beastly horns and talons.
You visited 1 branch of the dungeon, and saw 1 of its levels.

You collected 1 gold pieces.

Inventory:

Armour
 a - a +0 robe (worn)


   Skills:
 - Level 0.8 Fighting
 - Level 1.7 Dodging
 + Level 2.7 Unarmed Combat
 + Level 1.8 Spellcasting
 + Level 1.8 Transmutations


You had 2 spell levels left.
You knew the following spells:

 Your Spells              Type           Power      Damage    Failure   Level
a - Beastly Appendage     Tmut           14%        N/A       11%         1

Your spell library contained the following spells:

 Spells                   Type           Power      Damage    Failure   Level
 Wereblood                Tmut           7%         N/A       16%         2
 Spider Form              Tmut/Pois      4%         N/A       43%         3
 Ice Form                 Ice/Tmut       4%         N/A       83%         4


Dungeon Overview and Level Annotations

Branches:
Dungeon (1/15)


Innate Abilities, Weirdness & Mutations

You have temporarily grown beastly horns and talons.
You have an increased reservoir of magic. (+10% MP)
You shall have no god before yourself.
Your divine heritage dramatically boosts your attributes as you level up.


Message History

You closely miss the kobold. Your kick misses the kobold.
You headbutt the kobold, but do no damage.
The kobold is severely wounded.
Your transformation is almost over.
The kobold closely misses you.
You closely miss the kobold. Your headbutt misses the kobold.
The kobold is severely wounded.
The kobold barely misses you.
You hit the kobold.
You kill the kobold!
You hit the hobgoblin.
The hobgoblin is heavily wounded.
The hobgoblin misses you.
You barely miss the hobgoblin.
The hobgoblin is heavily wounded.
The hobgoblin hits you.
You hit the hobgoblin but do no damage.
You claw the hobgoblin, but do no damage.
The hobgoblin is heavily wounded.
The hobgoblin misses you.
You barely miss the hobgoblin.
The hobgoblin is moderately wounded.
The hobgoblin hits you.
You are too injured to fight recklessly!
You hit the hobgoblin but do no damage. Your headbutt misses the hobgoblin.
The hobgoblin is moderately wounded.
The hobgoblin barely misses you.
You hit the hobgoblin.
The hobgoblin is heavily wounded.
Your horns disappear.
Your talons disappear.
The hobgoblin misses you.
Casting: Beastly Appendage (safe; 11% risk of failure)
Press: ? - help, Q - select action Dir - look around, f - activate You grow a pair of large bovine horns.
Your feet morph into talons.
The hobgoblin hits you.
* * * LOW HITPOINT WARNING * * *
You barely miss the hobgoblin. Your headbutt misses the hobgoblin.
The hobgoblin is moderately wounded.
The hobgoblin hits you.
You die...

### ##### ############ ..
..##...##. #...#..#<# #...
#....#...##.##..##..#
#...#!..#... .#.#.(#..#.#
#..?....##.##^.##.####..#
..##..#..##@.#..#.#...##.#
#g..##.g#...##.###.#.##
....#......#..#.#.###..##
.....##......##.##..###.#
..........##..#.##.#...#.#
. ##.##.$#...#.######.##
#. .#...#..#.. ### .
#.#.....#.### ..
##..[.#...#


You could see a hobgoblin.

Vanquished Creatures
  A goblin (D:1)
  A kobold (D:1)
  A rat (D:1)
3 creatures vanquished.

Notes
Turn   | Place    | Note
-------+----------+-------------------------------------------
     0 | D:1      | sasquatch the Demigod Transmuter began the quest for the
                  | Orb.
     0 | D:1      | Reached XP level 1. HP: 15/15 MP: 5/5
    72 | D:1      | Slain by a hobgoblin

Illustrated notes

Levels and vault maps discovered:
D:1:      erik_arrival_cave_to_civilisation [erik_arrival_cave_to_temple],
          layout_loops_ring, minivault_14

Action                   || total
-------------------------++-------
Melee: Unarmed           ||    17
       Headbutt          ||     2
       Kick              ||     1
 Cast: Beastly Appendage ||     4
Dodge: Dodged            ||    10
